 Seeded DCSS version 0.31-a0-4-gefa6de2278 (webtiles) character file.

Game seed: 2122283489254455534 (custom seed)

2550 Pimp the Shooter (level 9, 0/85 HPs)
             Began as a Demonspawn Fire Elementalist on May 4, 2023.
             Was an Initiate of Makhleb.
             Succumbed to a killer bee's poison
             ... on level 7 of the Dungeon.
             The game lasted 00:15:32 (4370 turns).

Pimp the Shooter (Demonspawn Fire Elementalist)     Turns: 4370, Time: 00:15:33

Health: 0/85       AC:  5    Str: 12    XL:     9   Next: 30%
Magic:  6/15       EV: 12    Int: 23    God:    Makhleb [......]
Gold:   355        SH:  0    Dex: 12    Spells: 6/18 levels left

rFire   + . .        F - +1 war axe (venom)
rCold   + . .        (no shield)
rNeg    . . .        a - +0 robe
rPois   +            (helmet restricted)
rElec   .            (no cloak)
rCorr   .            (no gloves)
SInv    .            v - +2 pair of boots
Will    .....        l - amulet of regeneration Stlth
                     s - ring of poison resistance
HPRegen 1.14/turn    C - ring of protection from fire
MPRegen 0.28/turn

%: guardian spirit
@: berserking (expiring), lethally poisoned (0 -> -1), very quick
A: antennae 2, magic shield, magic regeneration, magic link, big brain 1, cold
resistance 1, low MP 1, strong 1, no potion heal 1
a: Renounce Religion


You were on level 7 of the Dungeon.
You worshipped Makhleb.
Makhleb was noncommittal.
You visited 1 branch of the dungeon, and saw 7 of its levels.

You collected 355 gold pieces.

Inventory:

Hand Weapons
 g - a +0 hand axe
 o - the +27 heavy crossbow "Sniper" {heavy, Acc+∞ SInv}
   (You acquired it on level 3 of the Dungeon)

   Acc+∞: It never misses its target.
   SInv:      It lets you see invisible.
 F - a +1 war axe of venom (weapon)
Armour
 a - a +0 robe (worn)
 h - a +0 pair of boots
 k - an orb of energy
 v - a +2 pair of boots (worn)
 y - a +0 helmet
Magical Staves
 f - a staff of conjuration
Jewellery
 l - an amulet of regeneration (around neck)
 s - a ring of poison resistance (left hand)
 C - a ring of protection from fire (right hand)
Scrolls
 c - 2 scrolls of immolation
 e - a scroll of fog {unknown}
 t - a scroll of vulnerability {unknown}
 u - 2 scrolls of poison {unknown}
 w - 3 scrolls of teleportation {unknown}
 A - a scroll of amnesia {unknown}
 B - a scroll of magic mapping {unknown}
 D - 2 scrolls of noise {unknown}
Potions
 b - 2 potions of magic
 d - 3 potions of degeneration
 i - a potion of heal wounds
 m - 2 potions of brilliance
 n - a potion of berserk rage
 p - a potion of flight
 q - a potion of might {unknown}
 x - 2 potions of lignification
 z - 2 potions of curing
 E - a potion of invisibility {unknown}


   Skills:
 - Level 0.1 Staves
 * Level 6.8 Ranged Weapons
 - Level 2.3 Dodging
 - Level 2.4 Stealth
 + Level 5.4 Spellcasting
 + Level 5.6 Conjurations
 + Level 5.8 Fire Magic


You had 6 spell levels left.
You knew the following spells:

 Your Spells              Type           Power      Damage    Failure   Level
a - Foxfire               Conj/Fire      100%       2x1d9     1%          1
b - Scorch                Fire           66%        2d7       1%          2
c - Flame Wave            Conj/Fire      32%        2d9       9%          4
d - Inner Flame           Hex/Fire       19%        N/A       9%          3
e - Blink                 Tloc           12%        N/A       14%         2

Your spell library contained the following spells:

 Spells                   Type           Power      Damage    Failure   Level
 Momentum Strike          Conj/Tloc      38%        3d9       4%          2
 Volatile Blastmotes      Fire/Tloc      38%        2d13      9%          3
 Lesser Beckoning         Tloc           12%        N/A       14%         2
 Tukima's Dance           Hex            6%         N/A       26%         3
 Passage of Golubria      Tloc           6%         N/A       65%         4
 Yara's Violent Unravell  Hex/Tmut       3%         3d4       94%         5
 Summon Cactus Giant      Summ           3%         N/A       100%        6


Dungeon Overview and Level Annotations

Branches:
Dungeon (7/15)
 Temple: D:4-7

Altars:
Cheibriados
Fedhas
Makhleb
Uskayaw

Shops:
D:4 *


Innate Abilities, Weirdness & Mutations

You have a pair of antennae on your head.
When hurt, damage is shared between your health and your magic reserves.
You regenerate magic rapidly.
When low on magic, you restore magic in place of health.
You have an unusually large brain. (Int +2)
Your flesh is cold resistant. (rC+)
Your magical capacity is low. (-10% MP)
Your muscles are strong. (Str +4, Int/Dex -1)
Potions are less effective at restoring your health.


Message History

You feel very sick. The killer bee closely misses you.
The killer bee stings you but does no damage.
The killer bee stings you! x2
You closely miss the killer bee. x2
You feel very sick. The killer bee stings you.
* * * LOW HITPOINT WARNING * * *
The killer bee closely misses you. The killer bee stings you!
* * * LOW HITPOINT WARNING * * *
The killer bee barely misses you.
You miss the killer bee. x2; You feel sick.
You kill the killer bee!
Makhleb accepts your kill. The killer bee stings you.
* * * LOW HITPOINT WARNING * * *
The killer bee stings you.
You closely miss the killer bee.
You feel sick. The killer bee stings you.
* * * LOW HITPOINT WARNING * * *
The killer bee misses you.
Unknown command.
You are too berserk!
You feel sick.
You are too berserk!
The killer bee attacks as you move away!
The killer bee closely misses you.
You feel a strong urge to attack something.
You feel sick.
The killer bee stings you but does no damage.
A killer bee comes into view.
You are too berserk!
The killer bee buzzes angrily.
You slash the killer bee!
The killer bee is heavily wounded.
* * * LOW HITPOINT WARNING * * *
You feel sick. The killer bee barely misses you. The killer bee stings you.
A killer bee comes into view.
You closely miss the killer bee.
The killer bee is heavily wounded.
You die...

..)... #y...# #....#
#.y..# #....+ +...†#
#....## ### ##
##..y.##########..##.
#..@.#..............
#....'..............
+....#..............
#....#######+######.
###.............###.
#.............#...
#.............#...
+.............#...
#.............#...


You could see 3 killer bees.

Vanquished Creatures
  Joseph (D:7)
  A gargoyle (D:6)
  2 wyverns (D:6)
  Menkaure (D:5)
  A water moccasin (D:7)
  A sky beast (D:6)
  An ice beast (D:6)
  An ogre (D:5)
  2 scorpions (D:5)
  3 wights (D:6)
  A killer bee (D:7)
  2 howler monkeys (D:7)
  6 hounds
  2 jellies (D:4)
  4 gnoll boudas
  A sleepcap (D:6)
  An iguana (D:6)
  13 gnolls
  13 adders
  A shadow imp (D:6)
  2 ufetubi
  3 worms
  A dart slug (D:4)
  8 orcs
  6 endoplasms
  3 giant cockroaches
  5 goblins
  5 hobgoblins
  5 jackals
  7 quokkas
  7 ball pythons
  5 bats
  3 frilled lizards
  2 kobolds (D:1)
  6 rats
126 creatures vanquished.

Vanquished Creatures (others)
  71 foxfires
71 creatures vanquished.

Grand Total: 197 creatures vanquished

Notes
Turn   | Place    | Note
-------+----------+-------------------------------------------
     0 | D:1      | Pimp the Demonspawn Fire Elementalist began the quest for
                  | the Orb.
     0 | D:1      | Reached XP level 1. HP: 13/13 MP: 3/3
   202 | D:1      | Gained mutation: You regenerate magic rapidly. [demonic
                  | ancestry]
   202 | D:1      | Reached XP level 2. HP: 15/19 MP: 0/5
   968 | D:2      | Gained mutation: When hurt, damage is shared between your
                  | health and your magic reserves. [demonic ancestry]
   968 | D:2      | Reached XP level 3. HP: 24/24 MP: 6/6
  1219 | D:2      | Learned a level 2 spell: Scorch
  1726 | D:2      | Reached XP level 4. HP: 30/30 MP: 7/7
  1731 | D:2      | Learned a level 4 spell: Flame Wave
  1833 | D:3      | Identified a scroll of acquirement
  1833 | D:3      | Acquired a staff of conjuration
  2058 | D:3      | Acquired the +27 heavy crossbow "Sniper" {heavy, Acc+∞
                  | SInv}
  2058 | D:3      | Found the +27 heavy crossbow "Sniper" {heavy, Acc+∞ SInv}
  2243 | D:3      | Found a blossoming altar of Fedhas.
  2243 | D:3      | Found a hide-covered altar of Uskayaw.
  2425 | D:4      | Reached skill level 1 in Ranged Weapons
  2430 | D:4      | Reached XP level 5. HP: 31/35 MP: 7/9
  2511 | D:4      | Reached skill level 2 in Ranged Weapons
  2583 | D:4      | Found Nocuis's Lightly-Used Armoury.
  2807 | D:4      | Gained mutation: You have a pair of small antennae on your
                  | head. [demonic ancestry]
  2807 | D:4      | Reached XP level 6. HP: 41/41 MP: 10/10
  2950 | D:5      | Entered Level 5 of the Dungeon
  3083 | D:5      | Noticed Menkaure
  3086 | D:5      | Killed Menkaure
  3154 | D:5      | Reached skill level 3 in Ranged Weapons
  3175 | D:5      | Gained mutation: You have an unusually large brain. (Int
                  | +2) [demonic ancestry]
  3175 | D:5      | Reached XP level 7. HP: 38/46 MP: 10/12
  3184 | D:5      | Reached skill level 4 in Ranged Weapons
  3399 | D:5      | Found a snail-covered altar of Cheibriados.
  3826 | D:6      | Noticed a wyvern
  3830 | D:6      | Killed a wyvern
  3831 | D:6      | Gained mutation: You have a pair of antennae on your head.
                  | [demonic ancestry]
  3831 | D:6      | Reached XP level 8. HP: 7/52 MP: 1/14
  3980 | D:6      | Reached skill level 5 in Ranged Weapons
  4064 | D:6      | Found a burning altar of Makhleb.
  4066 | D:6      | Noticed an angel
  4067 | D:6      | Noticed a balrug
  4074 | D:6      | Became a worshipper of Makhleb the Destroyer
  4136 | D:6      | Reached skill level 5 in Fire Magic
  4148 | D:6      | Noticed a gargoyle
  4159 | D:6      | Killed a gargoyle
  4160 | D:6      | Reached skill level 5 in Spellcasting
  4160 | D:6      | Reached skill level 5 in Conjurations
  4187 | D:6      | Gained mutation: Your flesh is cold resistant. (rC+)
                  | [potion of mutation]
  4187 | D:6      | Gained mutation: Potions are less effective at restoring
                  | your health. [potion of mutation]
  4187 | D:6      | Gained mutation: Your magical capacity is low. (-10% MP)
                  | [potion of mutation]
  4187 | D:6      | Gained mutation: Your muscles are strong. (Str +4, Int/Dex
                  | -1) [potion of mutation]
  4192 | D:6      | Learned a level 3 spell: Inner Flame
  4195 | D:6      | Learned a level 2 spell: Blink
  4214 | D:6      | Reached skill level 6 in Ranged Weapons
  4242 | D:6      | Gained mutation: When low on magic, you restore magic in
                  | place of health. [demonic ancestry]
  4242 | D:6      | Reached XP level 9. HP: 57/57 MP: 15/15
  4348 | D:7      | Noticed Joseph
  4350 | D:7      | Killed Joseph
  4366 | D:7      | HP: 4/85 [killer bee (3)]
  4369 | D:7      | HP: 1/85 [poisoned by a killer bee]
  4370 | D:7      | Succumbed to a killer bee's poison

Illustrated notes

Levels and vault maps discovered:
D:1:      denvon_arrival_waterhouse, layout_basic
D:2:      layout_rooms, serial_forest, infiniplex_forest_clump_double,
          infiniplex_forest_straight_4, infiniplex_forest_zigzag_1,
          infiniplex_forest_lined_2, infiniplex_forest_zigzag_1,
          infiniplex_forest_straight_3, minmay_circle_x
D:3:      layout_rooms, gammafunk_temple_overflow_wave, kennysheep_another_room
D:4:      layout_gridville, minmay_shop_damaged
D:5:      layout_basic, nicolae_overflow_crystal_walls, uniq_menkaure
D:6:      layout_basic, grunt_temple_overflow_order_and_chaos_2,
          tso_oasis_becter, serial_corexii_hall, chequers_hall_statues_corner_a,
          chequers_hall_statues_y, minmay_quadrilaterals
D:7:      layout_gridville, minmay_temple_entry_gardened_gates, uniq_joseph,
          uniq_pikel

Skill      XL: |  1  2  3  4  5  6  7  8 |
---------------+-------------------------+-----
Stealth        | 2 |  2.4
Dodging        | 2 |  2.3
Fire Magic     | 3 4 5 |  5.8
Conjurations   | 2 3 4 5 |  5.6
Ranged Weapons | 1 2 3 4 6 |  6.8
Spellcasting   | 3 4 5 |  5.4
Staves         | |  0.1

Action                     |  1- 3 |  4- 6 |  7- 9 || total
---------------------------+-------+-------+-------++-------
  Melee: Unarmed           |     5 |       |       ||     5
         Hand axe          |    30 |       |       ||    30
         Staff             |       |     4 |       ||     4
         War axe           |       |       |    10 ||    10
   Fire: Heavy crossbow    |       |    43 |    51 ||    94
   Cast: Foxfire           |    40 |     6 |       ||    46
         Scorch            |     7 |     3 |       ||    10
    Use: Scroll            |       |     7 |     5 ||    12
         Potion            |       |       |     2 ||     2
   Stab: Sleeping          |     1 |       |       ||     1
 Armour: Robe              |    15 |    13 |    26 ||    54
  Dodge: Dodged            |    53 |    26 |    56 ||   135

Table legend: (Time is in decaauts)
 A = Elapsed time spent in this place.
 B = Non-inter-level travel time spent in this place.
 C = Inter-level travel time spent in this place.
 D = Time resting spent in this place.
 E = Time spent auto-exploring this place.
 F = Levels seen in this place.
 G = Mean time per level.
                   A        B        C        D        E       F      G
               +--------+--------+--------+--------+--------+-----+--------+
         Total |   4610 |   4487 |    123 |    547 |   2658 |   7 |  658.6 |
       Dungeon |   4610 |   4487 |    123 |    547 |   2658 |   7 |  658.6 |
               +--------+--------+--------+--------+--------+-----+--------+

Top non-repeatable levels by time:
     D:2: 933 daAuts
     D:1: 899 daAuts
     D:4: 754 daAuts
     D:6: 745 daAuts
     D:5: 745 daAuts
     D:3: 449 daAuts
     D:7: 81 daAuts
